 Dungeon Crawl Stone Soup version 0.25-a0-549-g6e6e650 (webtiles) character file.

Game seed: 15687722470515295473, levelgen mode: deterministic

16345 snetch the Thaumaturge (level 12, 0/91 HPs)
             Began as a Gnoll Wizard on Feb 21, 2020.
             Was a High Priest of Qazlal.
             Slain by a red ugly thing (14 damage)
             ... on level 12 of the Dungeon on Feb 24, 2020.
             The game lasted 01:34:33 (14643 turns).

snetch the Thaumaturge (Gnoll Wizard)              Turns: 14643, Time: 01:34:40

Health: 0/91       AC: 11    Str: 10    XL:     12   Next: 36%
Magic:  9/26       EV: 17    Int: 26    God:    Qazlal [*****.]
Gold:   657        SH:  6    Dex: 13    Spells: 15/31 levels left

rFire    . . .     SeeInvis .   a - +7 whip of Amorality {venom, +Fly}
rCold    . . .     Gourm    .   (no shield)
rNeg     . . .     Faith    .   t - +2 robe {Archmagi}
rPois    .         Spirit   .   T - +2 helmet
rElec    .         Reflect  .   O - +0 cloak
rCorr    .         Harm     .   y - +0 pair of gloves
MR       +....                  e - +0 pair of boots
Stlth    ++........             E - amulet of regeneration
HPRegen  0.65/turn              l - ring of flight
MPRegen  0.20/turn              D - ring of protection from magic

@: repel missiles
A: distributed training, fangs 1, strong nose
a: Upheaval, Elemental Force, Disaster Area, Renounce Religion, Evoke Flight


You were on level 12 of the Dungeon.
You worshipped Qazlal.
Qazlal was extremely pleased with you.
You were not hungry.

You visited 2 branches of the dungeon, and saw 13 of its levels.

You collected 657 gold pieces.

Inventory:

Hand Weapons
 a - the +7 whip of Amorality (weapon) {venom, +Fly}
   (You found it on level 6 of the Dungeon)

   It poisons the flesh of those it strikes.
   It lets you fly.
 b - a +4 shortbow
 c - the +4 hand axe "Z" {flame, rPois rN+}
   (You found it on level 10 of the Dungeon)

   It has been specially enchanted to burn those struck by it, causing extra
   injury to most foes and up to half again as much damage against particularly
   susceptible opponents.
   Big, fiery blades are also staple armaments of hydra-hunters.
   It protects you from poison.
   It protects you from negative energy.
 d - a +0 halberd of draining
Missiles
 i - 5 javelins
 o - 60 poisoned darts (quivered)
 x - 23 boomerangs
 J - 472 stones
 U - 267 arrows
Armour
 e - a +0 pair of boots (worn)
 t - a +2 robe of the Archmagi (worn)
 u - +0 steam dragon scales
 y - a +0 pair of gloves (worn)
 z - a cursed +0 leather armour
 H - a +3 chain mail
 O - a +0 cloak (worn)
 T - a +2 helmet (worn)
Magical Staves
 P - an uncursed staff of summoning
Jewellery
 l - a ring of flight (left hand)
 n - an uncursed ring of protection from fire
 p - an uncursed ring of stealth {unknown}
 D - a ring of protection from magic (right hand)
 E - an amulet of regeneration (around neck)
Wands
 v - a wand of random effects (10)
 S - a wand of flame (19)
Scrolls
 f - 6 scrolls of remove curse
 h - 2 scrolls of enchant armour
 j - 9 scrolls of teleportation {unknown}
 m - 3 scrolls of magic mapping {unknown}
 q - 3 scrolls of fog {unknown}
 w - a scroll of blinking
 F - a scroll of amnesia
 R - a scroll of acquirement
 V - 3 scrolls of fear
Potions
 g - a potion of brilliance
 r - a potion of lignification
 s - 2 potions of curing
 A - a potion of might
 C - 2 potions of haste
 I - a potion of stabbing
 Q - a potion of ambrosia
Comestibles
 K - 20 rations


   Skills:
 + Level 7.1 Fighting
 + Level 7.1 Short Blades
 + Level 7.1 Long Blades
 + Level 7.1 Axes
 + Level 7.1 Maces & Flails
 + Level 7.1 Polearms
 + Level 7.1 Staves
 + Level 7.1 Slings
 + Level 7.1 Bows
 + Level 7.1 Crossbows
 + Level 7.1 Throwing
 + Level 7.1 Armour
 + Level 8.5 Dodging
 + Level 8.3 Stealth
 + Level 7.1 Shields
 + Level 7.1 Unarmed Combat
 + Level 10.1 Spellcasting
 + Level 6.3 Conjurations
 + Level 5.9 Hexes
 + Level 5.9 Charms
 + Level 6.3 Summonings
 + Level 5.9 Necromancy
 + Level 6.3 Translocations
 + Level 5.9 Transmutations
 + Level 5.9 Fire Magic
 + Level 5.9 Ice Magic
 + Level 5.9 Air Magic
 + Level 5.9 Earth Magic
 + Level 5.9 Poison Magic
 + Level 7.8 Invocations
 + Level 7.1 Evocations


You had 15 spell levels left.
You knew the following spells:

 Your Spells              Type           Power        Failure   Level  Hunger
a - Magic Dart            Conj           ####         1%          1    None
b - Blink                 Tloc           N/A          1%          2    None
c - Call Imp              Summ           ######..     1%          2    None
d - Mephitic Cloud        Conj/Pois/Air  ######..     1%          3    None
e - Ignite Poison         Fire/Tmut/Pois ######..     1%          3    None
f - Lightning Bolt        Conj/Air       ######....   11%         5    ####...

Your spell library contained the following spells:

 Spells                   Type           Power        Failure   Level  Hunger
 Shock                    Conj/Air       ####         1%          1    None
 Sting                    Tmut/Pois      ####         1%          1    None
 Summon Small Mammal      Summ           ####         1%          1    None
 Poisonous Vapours        Pois/Air       ######       1%          2    None
 Slow                     Hex            ######..     1%          2    None
 Swiftness                Chrm/Air       ######..     1%          2    None
 Call Canine Familiar     Summ           ######..     1%          3    None
 Conjure Flame            Conj/Fire      ######..     1%          3    None
 Static Discharge         Conj/Air       ######..     1%          3    None
 Summon Guardian Golem    Hex/Summ       ######..     1%          3    None
 Summon Ice Beast         Ice/Summ       ######..     3%          4    None
 Summon Lightning Spire   Summ/Air       ######..     3%          4    None
 Airstrike                Air            ######....   4%          4    None
 Olgreb's Toxic Radiance  Pois           ######..     4%          4    None


Dungeon Overview and Level Annotations

Branches:
Dungeon (12/15)            Temple (1/1) D:6            Lair (0/6) D:10
    Orc (0/2) D:10

Altars:
Ashenzari
Dithmenos
Elyvilon
Fedhas
Gozag
Hepliaklqana
Makhleb
Nemelex Xobeh
Okawaru
Qazlal
Ru
Wu Jian
Xom
Yredelemnul
Zin
The Shining One

Shops:
D:6 }   D:10 :

Annotations:
D:11 3 runed translucent doors, andgoliath's ghost, journeyman FoFi


Innate Abilities, Weirdness & Mutations

Your experience applies equally to all skills.
You have very sharp teeth.
Your uncanny sense of smell can sniff out nearby items.


Message History

The red ugly thing is engulfed in noxious fumes.
Unknown command.
You catch the helpless red ugly thing completely off-guard!
You whack the red ugly thing!
The red ugly thing is poisoned.
The red ugly thing is severely wounded.
Unknown command.
You hit the red ugly thing.
The red ugly thing looks as sick as possible!
The red ugly thing is severely wounded.
You hear a shout!
Unknown command.
The red ugly thing is engulfed in noxious fumes.
The red ugly thing appears confused.
You are no longer corroded.
You hear a shout!
A centaur warrior comes into view.
The red ugly thing headbutts you.
* * * LOW HITPOINT WARNING * * *
You are engulfed in flames!
You die...

∆##........#
##.....#####
##......#
##.......#
##.......##
#........#
#########.#
.......##.#
......☼[@u#
.c.....##.#
.########.#
#........#
##.......####
##...........
##...^.####.
### ##....#
#.## ∆##...#


You could see a red ugly thing (confused) and a centaur warrior.

Vanquished Creatures
  Snorg (D:11)
  An unseen horror (D:11)
  Pikel (D:7)
  2 ugly things
  A manticore (D:11)
  Joseph (D:7)
  Maggie (D:7)
  2 kobold demonologists
  The ghost of Crocosaw the Covered, a novice GnWn of Hepliaklqana (D:5)
  4 trolls
  A hornet (D:11)
  A meliai zombie (D:11)
  A spriggan (D:8)
  11 yaks
  2 basilisks
  2 hungry ghosts
  A basilisk (shapeshifter) (D:10)
  A steam dragon (D:12)
  An acid dragon (D:12)
  2 water moccasins
  7 orc warriors
  2 porcupines (D:10)
  A slave (D:7)
  3 ice beasts
  2 phantoms
  A sky beast (D:10)
  4 black bears
  3 ogres
  2 wolves (D:10)
  2 crocodiles (D:10)
  7 centaurs
  16 big kobolds
  2 bullfrogs
  7 scorpions
  A wyvern skeleton (D:12)
  A water moccasin skeleton (D:7)
  13 killer bees
  3 wights
  An electric eel (D:8)
  2 howler monkeys (D:11)
  9 crimson imps
  A centaur zombie (D:10)
  8 hounds
  4 jellies
  11 orc wizards
  A bullfrog skeleton (D:7)
  8 orc priests
  A centaur skeleton (D:5)
  3 iguanas
  10 worker ants
  A hound skeleton (D:7)
  A worker ant zombie (D:6)
  A gnoll (D:6)
  10 adders
  A shadow imp (D:6)
  3 oozes
  2 adder skeletons
  An adder zombie (D:8)
  6 worms
  A dart slug (D:4)
  4 leopard geckos
  51 orcs
  8 bats
  7 giant cockroaches
  7 goblins
  11 hobgoblins
  A jackal (D:2)
  20 kobolds
  2 quokkas
  2 ball pythons
  4 frilled lizards
  8 rats
  A plant (D:10)
327 creatures vanquished.

Vanquished Creatures (collateral kills)
  A two-headed ogre (D:9)
  A wraith (D:10)
  Eustachio (D:6)
  An orc warrior (D:7)
  2 ice beasts (D:6)
  An ogre (D:5)
  2 wights
  2 orc priests
  2 orc wizards
  A gnoll shaman (D:5)
  A worker ant (D:3)
  2 gnolls (D:5)
  An adder (D:2)
  2 worms (D:2)
  9 orcs
  A goblin (D:2)
  3 jackals (D:2)
  2 rats (D:2)
35 creatures vanquished.

Vanquished Creatures (others)
  A yak (D:11)
  A killer bee (D:9)
  A quokka (D:7)
  A plant (D:11)
4 creatures vanquished.

Grand Total: 366 creatures vanquished

Notes
Turn   | Place    | Note
-------+----------+-------------------------------------------
     0 | D:1      | snetch the Gnoll Wizard began the quest for the Orb.
     0 | D:1      | Reached XP level 1. HP: 13/13 MP: 8/8
   112 | D:1      | Reached XP level 2. HP: 9/19 MP: 5/10
   548 | D:2      | Learned a level 2 spell: Blink
   559 | D:2      | Learned a level 2 spell: Call Imp
   568 | D:2      | Reached XP level 3. HP: 23/25 MP: 2/11
   953 | D:2      | Reached skill level 1 in Invocations
  1127 | D:2      | Reached skill level 1 in Fighting
  1127 | D:2      | Reached skill level 1 in Short Blades
  1127 | D:2      | Reached skill level 1 in Long Blades
  1127 | D:2      | Reached skill level 1 in Axes
  1127 | D:2      | Reached skill level 1 in Maces & Flails
  1127 | D:2      | Reached skill level 1 in Polearms
  1127 | D:2      | Reached skill level 1 in Staves
  1127 | D:2      | Reached skill level 1 in Slings
  1127 | D:2      | Reached skill level 1 in Bows
  1127 | D:2      | Reached skill level 1 in Crossbows
  1127 | D:2      | Reached skill level 1 in Throwing
  1127 | D:2      | Reached skill level 1 in Armour
  1127 | D:2      | Reached skill level 1 in Shields
  1127 | D:2      | Reached skill level 1 in Unarmed Combat
  1127 | D:2      | Reached skill level 1 in Evocations
  1293 | D:2      | Reached XP level 4. HP: 31/32 MP: 8/13
  2135 | D:3      | Found a shadowy altar of Dithmenos.
  2219 | D:3      | Reached skill level 1 in Hexes
  2219 | D:3      | Reached skill level 1 in Charms
  2219 | D:3      | Reached skill level 1 in Necromancy
  2219 | D:3      | Reached skill level 1 in Transmutations
  2219 | D:3      | Reached skill level 1 in Fire Magic
  2219 | D:3      | Reached skill level 1 in Ice Magic
  2219 | D:3      | Reached skill level 1 in Air Magic
  2219 | D:3      | Reached skill level 1 in Earth Magic
  2219 | D:3      | Reached skill level 1 in Poison Magic
  2304 | D:4      | Reached XP level 5. HP: 5/37 MP: 3/14
  2723 | D:3      | Learned a level 3 spell: Mephitic Cloud
  3183 | D:3      | Reached XP level 6. HP: 8/44 MP: 9/16
  4038 | D:5      | Entered Level 5 of the Dungeon
  4215 | D:4      | Reached skill level 5 in Dodging
  4825 | D:4      | You fall into a shaft and drop 1 floor!
  4826 | D:5      | Noticed a water moccasin
  4851 | D:5      | Reached XP level 7. HP: 28/50 MP: 9/18
  5167 | D:4      | You fall into a shaft and drop 2 floors!
  5187 | D:6      | Got a crude whip
  5250 | D:4      | Identified the +7 whip of Amorality {venom, +Fly} (You
                  | found it on level 6 of the Dungeon)
  5836 | D:5      | Reached skill level 5 in Stealth
  5978 | D:5      | Reached XP level 8. HP: 23/57 MP: 11/19
  6244 | D:5      | Noticed Crocosaw's ghost (novice GnWn)
  6315 | D:6      | HP: 1/58 [acid (8)]
  6666 | D:6      | Reached skill level 8 in Spellcasting
  7045 | D:5      | Found a runed translucent gate.
  7045 | D:5      | Found a runed translucent gate.
  7046 | D:5      | Found a runed translucent gate.
  7509 | D:6      | Noticed Eustachio
  7532 | D:6      | Killed Eustachio
  7555 | D:6      | Found Fuxt's Gadget Boutique.
  7708 | D:6      | Reached XP level 9. HP: 56/65 MP: 11/21
  8179 | D:6      | Found a staircase to the Ecumenical Temple.
  8188 | Temple   | Entered the Ecumenical Temple
  8199 | Temple   | Became a worshipper of Qazlal Stormbringer
  8430 | D:7      | Noticed Joseph
  8481 | D:7      | HP: 3/65 [Joseph/+0 quarterstaff (5)]
  8483 | D:7      | Killed Joseph
  8916 | D:7      | Noticed Maggie
  8932 | D:7      | Killed Maggie
  8932 | D:7      | Reached skill level 5 in Invocations
  9028 | D:7      | Noticed Pikel
  9049 | D:7      | Killed Pikel
  9049 | D:7      | Reached XP level 10. HP: 68/73 MP: 20/22
  9590 | D:9      | Reached skill level 5 in Fighting
  9590 | D:9      | Reached skill level 5 in Short Blades
  9590 | D:9      | Reached skill level 5 in Long Blades
  9590 | D:9      | Reached skill level 5 in Axes
  9590 | D:9      | Reached skill level 5 in Maces & Flails
  9590 | D:9      | Reached skill level 5 in Polearms
  9590 | D:9      | Reached skill level 5 in Staves
  9590 | D:9      | Reached skill level 5 in Slings
  9590 | D:9      | Reached skill level 5 in Bows
  9590 | D:9      | Reached skill level 5 in Crossbows
  9590 | D:9      | Reached skill level 5 in Throwing
  9590 | D:9      | Reached skill level 5 in Armour
  9590 | D:9      | Reached skill level 5 in Shields
  9590 | D:9      | Reached skill level 5 in Unarmed Combat
  9590 | D:9      | Reached skill level 5 in Evocations
  9602 | D:9      | Reached * piety under Qazlal
 10003 | D:8      | Noticed a kobold demonologist
 10018 | D:8      | Noticed an orange demon
 10032 | D:8      | Reached skill level 9 in Spellcasting
 10035 | D:8      | Killed a kobold demonologist
 10095 | D:8      | Reached skill level 5 in Conjurations
 10095 | D:8      | Reached skill level 5 in Summonings
 10095 | D:8      | Reached skill level 5 in Translocations
 10185 | D:8      | Reached ** piety under Qazlal
 10537 | D:8      | Found a hazy altar of Hepliaklqana.
 10848 | D:9      | Noticed a two-headed ogre
 10861 | D:9      | Killed a two-headed ogre
 10861 | D:9      | Reached XP level 11. HP: 70/81 MP: 15/24
 11102 | D:9      | Identified a scroll of acquirement
 11336 | D:10     | Entered Level 10 of the Dungeon
 11532 | D:10     | Learned a level 3 spell: Ignite Poison
 11586 | D:10     | Got a fine hand axe
 11587 | D:10     | Identified the +4 hand axe "Z" {flame, rPois rN+} (You
                  | found it on level 10 of the Dungeon)
 11618 | D:10     | Found Vegroc's Book Shop.
 11682 | D:10     | HP: 4/81 [porcupine (9)]
 11787 | D:10     | Reached skill level 5 in Hexes
 11787 | D:10     | Reached skill level 5 in Charms
 11787 | D:10     | Reached skill level 5 in Necromancy
 11787 | D:10     | Reached skill level 5 in Transmutations
 11787 | D:10     | Reached skill level 5 in Fire Magic
 11787 | D:10     | Reached skill level 5 in Ice Magic
 11787 | D:10     | Reached skill level 5 in Air Magic
 11787 | D:10     | Reached skill level 5 in Earth Magic
 11787 | D:10     | Reached skill level 5 in Poison Magic
 11899 | D:10     | Found a staircase to the Lair.
 12045 | D:10     | Reached *** piety under Qazlal
 12202 | D:10     | Identified the cursed -5 buckler "Xuukle" {rCorr}
 12572 | D:11     | Reached **** piety under Qazlal
 12572 | D:11     | Noticed a manticore
 12711 | D:11     | Killed a manticore
 12737 | D:11     | Noticed a purple ugly thing
 12822 | D:11     | Noticed Snorg
 12836 | D:10     | Killed a purple ugly thing
 12944 | D:11     | HP: 4/83 [Snorg (20)]
 13084 | D:11     | Killed Snorg
 13104 | D:11     | Upgraded the game from 0.25-a0-547-g27a0b5d to
                  | 0.25-a0-549-g6e6e650
 13117 | D:11     | Killed an unseen horror
 13117 | D:11     | Reached XP level 12. HP: 59/89 MP: 7/25
 13395 | D:10     | Found a staircase to the Orcish Mines.
 13887 | D:11     | Reached skill level 10 in Spellcasting
 14009 | D:11     | Found a runed translucent gate.
 14009 | D:11     | Found a runed translucent gate.
 14009 | D:11     | Found a runed translucent gate.
 14010 | D:11     | Noticed an 11-headed hydra
 14010 | D:11     | Noticed andgoliath's ghost (journeyman FoFi)
 14404 | D:5      | Killed Crocosaw's ghost
 14571 | D:12     | Learned a level 5 spell: Lightning Bolt
 14596 | D:12     | Reached ***** piety under Qazlal
 14643 | D:12     | Noticed a centaur warrior
 14643 | D:12     | Slain by a red ugly thing

Levels and vault maps discovered:
D:1:      dpeg_arrival_simpleton_c, layout_loops_corners
D:2:      layout_basic
D:3:      layout_basic, grunt_dithmenos_smoke, serial_curves, eino_curves_04,
          eino_curves_02, minmay_misc_feat_tiny
D:4:      minmay_evil_eye, layout_basic, first_ration, minmay_misc_feat_x
D:5:      layout_loops_ring, gammafunk_ghost_split
D:6:      layout_rooms, minmay_temple_entry_poolview,
          cheibrodos_sewer_entry_bend, serial_shops,
          nicolae_shop_window_shopping, lemuel_another_geyser, uniq_eustachio
D:7:      layout_basic, uniq_maggie, uniq_pikel, uniq_joseph
D:8:      layout_basic, basic_altar, special_room [special_room_kobold],
          grunt_pizzeria
D:9:      layout_gridville
D:10:     layout_loops_ring, minmay_lair_entry_grove, hiddenorc1_lemuel,
          serial_shops, kennysheep_mini
D:11:     layout_basic, gammafunk_ghost_hydra_chop, uniq_snorg
D:12:     minmay_octo_star, layout_loops_ring, grunt_decor_one_mirror
Temple:   dpeg_three_leaves_temple

Skill      XL: |  1  2  3  4  5  6  7  8  9 10 11 12 |
---------------+-------------------------------------+-----
Conjurations   | 2 3 4 5 6 |  6.3
Summonings     | 2 3 4 5 6 |  6.3
Translocations | 2 3 4 5 6 |  6.3
Invocations    | 1 2 3 4 5 6 7 |  7.8
Fighting       | 1 2 3 4 5 6 7 |  7.1
Short Blades   | 1 2 3 4 5 6 7 |  7.1
Long Blades    | 1 2 3 4 5 6 7 |  7.1
Axes           | 1 2 3 4 5 6 7 |  7.1
Maces & Flails | 1 2 3 4 5 6 7 |  7.1
Polearms       | 1 2 3 4 5 6 7 |  7.1
Staves         | 1 2 3 4 5 6 7 |  7.1
Slings         | 1 2 3 4 5 6 7 |  7.1
Bows           | 1 2 3 4 5 6 7 |  7.1
Crossbows      | 1 2 3 4 5 6 7 |  7.1
Throwing       | 1 2 3 4 5 6 7 |  7.1
Armour         | 1 2 3 4 5 6 7 |  7.1
Shields        | 1 2 3 4 5 6 7 |  7.1
Unarmed Combat | 1 2 3 4 5 6 7 |  7.1
Evocations     | 1 2 3 4 5 6 7 |  7.1
Hexes          | 1 2 3 4 5 |  5.9
Charms         | 1 2 3 4 5 |  5.9
Necromancy     | 1 2 3 4 5 |  5.9
Transmutations | 1 2 3 4 5 |  5.9
Fire Magic     | 1 2 3 4 5 |  5.9
Ice Magic      | 1 2 3 4 5 |  5.9
Air Magic      | 1 2 3 4 5 |  5.9
Earth Magic    | 1 2 3 4 5 |  5.9
Poison Magic   | 1 2 3 4 5 |  5.9
Dodging        | 5 6 7 8 |  8.5
Stealth        | 5 6 7 8 |  8.3
Spellcasting   | 8 9 10 | 10.1

Action                   |  1- 3 |  4- 6 |  7- 9 | 10-12 || total
-------------------------+-------+-------+-------+-------++-------
Melee: Dagger            |     7 |       |       |       ||     7
       Spear             |    20 |    24 |     8 |       ||    52
       Bite              |       |     5 |    13 |    38 ||    56
       War axe           |       |    33 |    12 |       ||    45
       Punch             |       |     2 |     4 |     6 ||    12
       Whip              |       |       |   159 |   419 ||   578
       Trident           |       |       |    21 |       ||    21
       Short sword       |       |       |    10 |       ||    10
 Fire: Shortbow          |       |       |    23 |    22 ||    45
       Hunting sling     |       |       |     3 |       ||     3
Throw: Dart              |       |    13 |    13 |       ||    26
       Boomerang         |       |    11 |       |       ||    11
       Javelin           |       |       |     4 |     1 ||     5
 Cast: Magic Dart        |    64 |   107 |   155 |   193 ||   519
       Call Imp          |    10 |    26 |    50 |     9 ||    95
       Mephitic Cloud    |       |     1 |     3 |    32 ||    36
       Blink             |       |       |     2 |       ||     2
       Ignite Poison     |       |       |       |    22 ||    22
       Lightning Bolt    |       |       |       |     1 ||     1
  Use: Potion            |       |       |     4 |     4 ||     8
       Scroll            |       |       |     7 |     6 ||    13
 Stab: Sleeping          |     1 |     1 |     2 |       ||     4
       Distracted        |       |       |     2 |     1 ||     3
       Confused          |       |       |       |    16 ||    16
  Eat: Chunk             |     1 |    11 |    13 |    18 ||    43
Armor: Robe              |     1 |       |       |   142 ||   143
       Leather armour    |     7 |     4 |    12 |       ||    23
       Ring mail         |       |    17 |    72 |       ||    89
       Skin              |       |       |     9 |       ||     9
       Steam dragon scal |       |       |     4 |     2 ||     6
Dodge: Dodged            |    18 |    64 |   171 |   427 ||   680
       Deflected         |       |       |       |     8 ||     8
Block: Buckler           |       |       |     8 |       ||     8
       Other             |       |       |       |    90 ||    90

Table legend:
 A = Non-vault XP
 B = Vault XP
 C = Vault XP percentage of total XP
 D = Non-vault monster count
 E = Vault monster count
 F = Vault count percentage of total count
                 A         B        C        D         E       F
            +---------+---------+-------+---------+---------+-------
      Total |   16742 |    6608 |  28.3 |     297 |      64 |  17.7
            +---------+---------+-------+---------+---------+-------
        D:1 |      33 |       0 |   0.0 |      21 |       0 |   0.0
        D:2 |      88 |       0 |   0.0 |      32 |       0 |   0.0
        D:3 |     216 |       0 |   0.0 |      32 |       0 |   0.0
        D:4 |     356 |     104 |  22.6 |      18 |       3 |  14.3
        D:5 |     814 |     378 |  31.7 |      27 |       2 |   6.9
        D:6 |     648 |     165 |  20.3 |      17 |       2 |  10.5
        D:7 |    1208 |    1479 |  55.0 |      24 |       3 |  11.1
        D:8 |    1377 |    1591 |  53.6 |      26 |      23 |  46.9
        D:9 |    1477 |       0 |   0.0 |      13 |       0 |   0.0
       D:10 |    2747 |    1599 |  36.8 |      24 |      29 |  54.7
       D:11 |    6236 |    1196 |  16.1 |      52 |       1 |   1.9
       D:12 |    1542 |      96 |   5.9 |      11 |       1 |   8.3
            +---------+---------+-------+---------+---------+-------
